 Dungeon Crawl Stone Soup version 0.29.1-15-g9cfb28693d (webtiles) character file.

Game seed: 7582263678470928482

47 Farfigtubin the Trooper (level 3, -1/33 HPs)
             Began as a Hill Orc Fighter on Feb 24, 2023.
             Slain by a white imp (3 damage)
             ... summoned by Natasha
             ... on level 2 of the Dungeon.
             The game lasted 00:04:50 (1231 turns).

Farfigtubin the Trooper (Hill Orc Fighter)          Turns: 1231, Time: 00:04:50

Health: -1/33      AC:  8    Str: 20    XL:     3   Next: 70%
Magic:  3/3        EV:  9    Int:  8    God:
Gold:   164        SH:  4    Dex: 10    Spells: 2/2 levels left

rFire   . . .      SeeInvis .   a - +0 war axe
rCold   . . .      Faith    .   c - +0 buckler
rNeg    . . .      Spirit   .   b - +0 scale mail
rPois   .          Reflect  .   (no helmet)
rElec   .          Harm     .   (no cloak)
rCorr   .          Rampage  .   f - +0 pair of gloves
Will    .....                   (no boots)
Stlth   ..........              (no amulet)
HPRegen 0.11/turn               (no ring)
MPRegen 0.08/turn               (no ring)

@: no status effects
A: no striking features
a: no special abilities


You were on level 2 of the Dungeon.
You visited 1 branch of the dungeon, and saw 2 of its levels.

You collected 164 gold pieces.

Inventory:

Hand Weapons
 a - a +0 war axe (weapon)
Missiles
 e - 24 stones (quivered)
 g - 4 atropa-tipped darts
 k - 5 boomerangs
 p - 6 javelins
Armour
 b - a +0 scale mail (worn)
 c - a +0 buckler (worn)
 f - a +0 pair of gloves (worn)
Scrolls
 h - a scroll of amnesia {unknown}
 i - a scroll of fog {unknown}
 l - 4 scrolls of identify {unknown}
 o - 3 scrolls of fear {unknown}
Potions
 d - a potion of might
 j - a potion of lignification {unknown}
 m - a potion of ambrosia {unknown}
 n - a potion of curing {unknown}


   Skills:
 - Level 4.0 Fighting
 * Level 4.0 Axes
 + Level 3.6 Armour
 + Level 3.7 Shields


You had 2 spell levels left.
You didn't know any spells.
Your spell library contained the following spells:

 Spells                   Type           Power      Damage    Failure   Level
 Sandblast                Erth           0%         2d4       85%         1
 Passwall                 Tmut/Erth      0%         N/A       94%         2
 Stone Arrow              Conj/Erth      0%         3d7       99%         3


Dungeon Overview and Level Annotations

Branches:
Dungeon (2/15)

Altars:

Annotations:
D:2 Natasha


Message History

Found a stone staircase leading down.
Found an amethyst potion.
The white imp grins evilly.
You closely miss Natasha. Natasha claws you but does no damage.
You hit Natasha.
Natasha is lightly wounded.
Natasha barely misses you.
Natasha howls an incantation.
You feel disoriented. Natasha barely misses you.
You barely miss Natasha.
Natasha is lightly wounded.
Natasha claws you.
You hit Natasha.
Natasha is moderately wounded.
Natasha claws you.
The white imp hits you but does no damage.
You hit Natasha but do no damage.
Natasha is moderately wounded.
You closely miss the white imp. Natasha claws you.
The white imp hits you but does no damage.
Natasha claws you.
You barely miss Natasha.
Natasha is moderately wounded.
You closely miss the white imp. The white imp hits you.
The white imp freezes you.
Natasha stares at you and mumbles some strange words.
You resist with significant effort.
You hit Natasha.
Natasha is heavily wounded.
You slash the white imp! The white imp gestures at you.
The puff of frost hits you.
* * * LOW HITPOINT WARNING * * *
Natasha claws you.
* * * LOW HITPOINT WARNING * * *
The white imp hits you.
* * * LOW HITPOINT WARNING * * *
The white imp freezes you.
You die...

#....#####.# ..
#....#...#.+ ...
#..........+ ..>!
#..........### #.. .
#............# ......
#..........#.#++#.#....
####...................
######.............#
#.......###.#...@###
....##### #....5h##
........##..####..#####.#
..#####...... #.........
...# ##..#.............
....# #..[..##...)?.....
....# .... #............
...... #.##.........
...... #.. #.........


You could see Natasha and a white imp (summoned).

Vanquished Creatures
  2 adders (D:2)
  3 ball pythons
  3 bats
  3 endoplasms
  3 giant cockroaches
  3 goblins (D:1)
  2 hobgoblins
  A quokka (D:2)
  3 frilled lizards (D:1)
  A kobold (D:1)
  4 rats
28 creatures vanquished.

Notes
Turn   | Place    | Note
-------+----------+-------------------------------------------
     0 | D:1      | Farfigtubin the Hill Orc Fighter began the quest for the
                  | Orb.
     0 | D:1      | Reached XP level 1. HP: 19/19 MP: 1/1
    86 | D:1      | Found a faded altar of an unknown god.
   194 | D:1      | Reached XP level 2. HP: 18/27 MP: 2/2
   995 | D:2      | Reached XP level 3. HP: 28/33 MP: 3/3
  1217 | D:2      | Noticed Natasha
  1231 | D:2      | Slain by a white imp

Illustrated notes

Levels and vault maps discovered:
D:1:      lightli_arrival_lavapool, layout_basic,
          hellmonk_ecumenical_altar_arch_garden
D:2:      layout_rooms, minmay_mini_jars, uniq_jessica, uniq_natasha

Skill      XL: |  1  2  3 |
---------------+----------+-----
Axes           | 3 4 |  4.0
Fighting       | 4 |  4.0
Armour         | |  3.6
Shields        | |  3.7

Action                   || total
-------------------------++-------
Melee: War axe           ||   108
Armor: Scale mail        ||    46
Dodge: Dodged            ||    53
Block: Buckler           ||    35
